 Dungeon Crawl Stone Soup version 0.19-a0-1821-g42c593c (webtiles) character file.

25 JeffiDaFish the Sneak (level 2, -1/20 HPs)
             Began as a Vampire Enchanter on Oct 6, 2016.
             Slain by a gnoll
             ... wielding a +0 halberd
              (11 damage)
             ... on level 1 of the Dungeon.
             The game lasted 00:03:47 (1655 turns).

JeffiDaFish the Sneak (Vampire Enchanter)           Turns: 1655, Time: 00:03:48

Health: -1/20      AC:  3    Str:  8 (10) XL:     2   Next: 86%
Magic:  5/5        EV: 13    Int: 16 (17) God:
Gold:   74         SH:  0    Dex: 16 (18) Spells: 1 memorised, 4 levels left

rFire  . . .     SeeInvis +     a - +1 dagger
rCold  + . .     Gourm    .     b - +1 robe
rNeg   + + .     Faith    .     (no shield)
rPois  +         Spirit   .     (no helmet)
rElec  .         Dismiss  .     (no cloak)
rCorr  .         Reflect  .     (no gloves)
MR     .....     Harm     .     (no boots)
Stlth  ++........               (no amulet)
                                g - +4 ring of dexterity
                                f - +3 ring of strength

@: regenerating slowly
A: fangs 3, see invisible, unbreathing
a: no special abilities


You were on level 1 of the Dungeon.
You were thirsty.

You visited 1 branch of the dungeon, and saw 1 of its levels.

You collected 74 gold pieces.

Inventory:

Hand Weapons
 a - a +1 dagger (weapon)
Armour
 b - a +1 robe (worn)
Jewellery
 f - a +3 ring of strength (left hand)
 g - a +4 ring of dexterity (right hand)
Potions
 d - 9 potions of blood
 e - a potion of curing
Books
 c - a book of Maledictions

   Spells                             Type                      Level
   a - Corona                         Hexes                        1
   b - Ensorcelled Hibernation        Hexes/Ice                    2
   c - Confuse                        Hexes                        3
   d - Tukima's Dance                 Hexes                        3
   e - Dazzling Spray                 Conjuration/Hexes            3


   Skills:
 + Level 0.3 Fighting
 + Level 1.5 Short Blades
 + Level 2.4 Dodging
 + Level 5.0 Stealth
 + Level 2.1 Spellcasting
 + Level 4.8 Hexes


You had 4 spell levels left.
You knew the following spells:

 Your Spells              Type           Power        Failure   Level  Hunger
a - Corona                Hex            ###....      3%          1    #......


Dungeon Overview and Level Annotations

Branches:
Dungeon (1/15)

Altars:


Innate Abilities, Weirdness & Mutations

You heal slowly.
You have razor-sharp teeth.
You have supernaturally acute eyesight. (SInv)
You can survive without breathing.


Message History

The fungus is lightly damaged.
The gnoll shouts!
You hit the fungus.
The fungus is lightly damaged.
You enter the shallow water.
Moving in this stuff is going to be slow.
The gnoll splashes around in the water.
The gnoll hits you with a halberd!
Ouch! That really hurt!
Your unstable footing causes you to fumble your attack.
The gnoll barely misses you.
You hit the gnoll but do no damage. You bite the gnoll.
The gnoll is moderately wounded.
Your unstable footing causes you to fumble your attack.
You are feeling thirsty.
The gnoll splashes around in the water.
You hit the gnoll but do no damage. You bite the gnoll, but do no damage.
The gnoll is moderately wounded.
The gnoll hits you with a halberd!
Ouch! That really hurt!
You die...

§#.§§#.§§##.P...P.PP##...#...#...
§#≈≈§#§§§#.......PP..#≈≈≈#≈≈≈#≈≈≈
≈#≈§§#§§≈#...P.8.PPPP#≈≈≈#≈≈≈#≈≈≈
§#≈≈≈#§§≈#.P.P...PPPP#≈≈≈#≈≈≈#≈≈≈
≈#≈≈≈#≈≈≈##.PPP..P..##≈≈≈#≈≈≈#≈≈≈
≈#≈≈§#≈§§§###..PP.###≈≈≈≈#≈≈≈#≈≈≈
§≈≈§≈#≈≈§§≈§##'''##≈≈≈≈≈≈#≈≈≈≈≈≈.
≈§§§≈§≈≈≈g≈≈≈≈≈≈≈≈≈
≈§≈§§§≈≈≈@≈≈≈≈≈≈≈≈≈ #
.§.§§≈§≈≈≈≈≈≈...... ####
...§§§§≈≈≈≈........ ...#
###.§.§.≈≈.≈.≈###### ##.#
######.######....# #.### ##.#
#.....#.## #...# #..# #........#
####.#########.####.....#..######
.....#..............#.###........


You could see a gnoll.

Vanquished Creatures
  A dart slug (D:1)
  2 leopard geckos (D:1)
  A giant cockroach (D:1)
  3 goblins (D:1)
  5 hobgoblins (D:1)
  A frilled lizard (D:1)
  4 kobolds (D:1)
  3 rats (D:1)
20 creatures vanquished.

Notes
Turn   | Place    | Note
-------+----------+-------------------------------------------
     0 | D:1      | JeffiDaFish the Vampire Enchanter began the quest for the Orb.
     0 | D:1      | Reached XP level 1. HP: 13/13 MP: 3/3
   436 | D:1      | Reached XP level 2. HP: 13/19 MP: 5/5
   988 | D:1      | Reached skill level 5 in Stealth
  1655 | D:1      | Slain by a gnoll

Vault maps used:
D:1:      dpeg_arrival_water_fire

Skill      XL: |  1  2 |
---------------+-------+-----
Stealth        | 5 |  5.0
Fighting       | |  0.3
Short Blades   | |  1.5
Dodging        | |  2.4
Spellcasting   | |  2.1
Hexes          | |  4.8

Action                   || total
-------------------------++-------
Melee: Dagger            ||    81
       Bite              ||     9
  Use: Scroll            ||     1
       Potion            ||     6
 Stab: Sleeping          ||     5
Armor: Robe              ||    13
Dodge: Dodged            ||    41
